 Dungeon Crawl Stone Soup version 0.30-a0-972-gf3ab3527aa (webtiles) character file.

Game seed: 10542289506808017897

17036 Dirtsage the Cleaver (level 12, 0/89 HPs)
             Began as a Demonspawn Fighter on Mar 31, 2023.
             Was a Priest of Makhleb.
             Slain by a death yak (8 damage)
             ... on level 2 of the Lair of Beasts.
             The game lasted 00:25:04 (12092 turns).

Dirtsage the Cleaver (Demonspawn Fighter)          Turns: 12092, Time: 00:25:05

Health: 0/89       AC: 19    Str: 27    XL:     12   Next: 15%
Magic:  17/17      EV: 10    Int: 11    God:    Makhleb [***...]
Gold:   746        SH:  0    Dex: 12    Spells: 11/11 levels left

rFire   . . .      SeeInvis .    s - +5 battleaxe (freeze)
rCold   . . .      Faith    .    (shield currently unavailable)
rNeg    . . .      Spirit   .    b - +0 scale mail
rPois   .          Reflect  .    M - +2 helmet
rElec   .          Rampage  .    (no cloak)
rCorr   .                        (no gloves)
Will    .....                    T - +0 pair of boots Stlth
                                 H - amulet of the acrobat
HPRegen 0.34/turn                z - +4 ring of protection
MPRegen 0.15/turn                y - +6 ring of strength

@: no status effects
A: claws 2, molten scales 2, demonic guardian 2, powered by pain 1
a: Renounce Religion, Minor Destruction, Lesser Servant of Makhleb


You were on level 2 of the Lair of Beasts.
You worshipped Makhleb.
Makhleb was most pleased with you.
You visited 3 branches of the dungeon, and saw 12 of its levels.

You collected 746 gold pieces.

Inventory:

Hand Weapons
 a - a +1 war axe
 s - a +5 battleaxe of freezing (weapon)
 R - a +1 flail of protection
Missiles
 o - 2 throwing nets (quivered)
 N - a curare-tipped dart
Armour
 b - a +0 scale mail (worn)
 c - a +0 buckler
 i - a +0 kite shield
 M - a +2 helmet (worn)
 T - a +0 pair of boots (worn)
Magical Staves
 t - a staff of fire
 V - a staff of conjuration
Jewellery
 m - a ring of magical power
 x - a +6 ring of dexterity
 y - a +6 ring of strength (right claw)
 z - a +4 ring of protection (left claw)
 H - an amulet of the acrobat (around neck)
 L - a +4 ring of slaying
Wands
 I - a wand of paralysis (23)
 K - a wand of mindburst (13)
 O - a wand of flame (27)
 Q - a wand of roots (7)
 S - a wand of light (9)
Scrolls
 f - 10 scrolls of identify {unknown}
 h - 5 scrolls of teleportation {unknown}
 j - 3 scrolls of noise {unknown}
 l - 2 scrolls of enchant armour {unknown}
 n - 3 scrolls of enchant weapon
 r - 2 scrolls of poison {unknown}
 u - 2 scrolls of fear {unknown}
 v - a scroll of vulnerability {unknown}
 A - 2 scrolls of magic mapping {unknown}
 B - 3 scrolls of immolation {unknown}
 D - a scroll of fog {unknown}
 F - a scroll of blinking {unknown}
 J - a scroll of butterflies {unknown}
 U - a scroll of amnesia {unknown}
Potions
 d - a potion of might
 e - 2 potions of resistance {unknown}
 g - a potion of degeneration {unknown}
 k - 2 potions of heal wounds {unknown}
 p - 4 potions of brilliance {unknown}
 q - a potion of curing
 C - a potion of flight {unknown}
 E - a potion of attraction {unknown}
 G - 4 potions of lignification {unknown}
 P - a potion of cancellation {unknown}
Miscellaneous
 w - a condenser vane


   Skills:
 + Level 6.5 Fighting
 - Level 14.5 Axes
 + Level 6.0 Armour
 + Level 6.1 Shields
 * Level 3.1 Unarmed Combat
 + Level 7.6 Invocations


You had 11 spell levels left.
You didn't know any spells.
Your spell library contained the following spells:

 Spells                   Type           Power      Damage    Failure   Level
 Magic Dart               Conj           0%         1d3       58%         1
 Call Imp                 Summ           0%         N/A       73%         2
 Ensorcelled Hibernation  Hex/Ice        0%         N/A       73%         2
 Passwall                 Tmut/Erth      0%         N/A       73%         2
 Static Discharge         Conj/Air       0%         2-2/arc   73%         2
 Sublimation of Blood     Necr           0%         N/A       73%         2
 Wereblood                Tmut           0%         N/A       73%         2
 Mephitic Cloud           Conj/Pois/Air  0%         N/A       91%         3
 Swiftness                Air            0%         N/A       91%         3
 Tukima's Dance           Hex            0%         N/A       91%         3
 Vhi's Electric Charge    Tloc/Air       0%         N/A       91%         3
 Passage of Golubria      Tloc           0%         N/A       100%        4
 Arcjolt                  Conj/Air       0%         1d10      100%        5
 Plasma Beam              Fire/Air       0%         2x1d7     100%        5
 Yara's Violent Unravell  Hex/Tmut       0%         3d3       100%        5
 Summon Hydra             Summ           0%         N/A       100%        7


Dungeon Overview and Level Annotations

Branches:
Dungeon (9/15)             Temple (1/1) D:7            Lair (2/5) D:8
  Swamp: Lair:2-3    Shoals: Lair:2-3     Snake: Lair:2-3    Spider: Lair:2-3
    Orc: D:9-12

Altars:
Ashenzari
Cheibriados
Dithmenos
Fedhas
Gozag
Hepliaklqana
Kikubaaqudgha
Makhleb
Nemelex Xobeh
Okawaru
Ru
Sif Muna
Trog
Wu Jian
Yredelemnul

Shops:
D:3 =


Innate Abilities, Weirdness & Mutations

You have very sharp fingernails.
You are mostly covered in molten scales. (AC +3)
A demonic guardian rushes to your aid.
You sometimes gain a little power by taking damage.


Message History

You hear a bellow! x2
The death yak barely misses you.
The death yak gores you but does no damage.
You slash the death yak! You freeze the death yak.
The death yak is severely wounded.
You slash the death yak! You freeze the death yak. You hit the death yak.
You freeze the death yak.
The death yak is severely wounded.
You slash the death yak! You freeze the death yak.
The death yak gores you but does no damage. x2
You barely miss the death yak.
The death yak is severely wounded.
You slash the death yak! You freeze the death yak.
The death yak completely misses you. The death yak gores you!!
You take 17 damage, and have 70/89 hp.
You completely miss the death yak.
The death yak is severely wounded.
You hit the death yak. You freeze the death yak.
The death yak gores you but does no damage. x2
You hit the death yak. You freeze the death yak.
The death yak is severely wounded.
You hit the death yak. You freeze the death yak. The death yak gores you!
The death yak gores you!!
You take 37 damage, and have 33/89 hp.
MASSIVE DAMAGE!!
The death yak attacks as you move away!
The death yak gores you but does no damage.
The death yak attacks as you move away! The death yak gores you!!
* * * LOW HITPOINT WARNING * * *
You take 19 damage, and have 15/89 hp.
MASSIVE DAMAGE!!
The death yak attacks as you move away! The death yak gores you!
* * * LOW HITPOINT WARNING * * *
The death yak attacks as you move away!
The death yak gores you but does no damage.
You take 9 damage, and have 6/89 hp.
The death yak attacks as you move away! The death yak completely misses you.
The death yak attacks as you move away! The death yak misses you.
Okay, then.
There is a stone staircase leading up here.
The death yak gores you!
You die...

####...###.#
#########...####
.#.###..##P##P..#.#.#
..................... .
.....................
#..$.##.#..#..#Y..#####
##.. ##.######..######
#....######P####..P#..##
.......@YYY.............
........Y..........P....
..###..#.###..#.#.P.#...
########........#...
#P..#..P.###..
##.........ll.
.......##...####
.......P##....##
#........##.#....


You could see 4 death yaks.

Vanquished Creatures
  A two-headed ogre (D:5)
  A death yak (Lair:2)
  2 deep elf pyromancers (D:9)
  5 elephants (Lair:1)
  4 cane toads
  A polar bear (Lair:1)
  Grinder (D:4)
  Prince Ribbit (D:7)
  5 blink frogs (Lair:1)
  A shadow (D:9)
  A wyvern (Lair:1)
  22 yaks
  Eustachio (D:6)
  Menkaure (D:7)
  Edmund (D:4)
  8 water moccasins
  Duvessa (D:4)
  2 sky beasts (D:8)
  An orc warrior (D:8)
  A swamp drake (D:9)
  5 ice beasts
  20 wolves
  2 centaurs
  An ogre (D:5)
  3 phantoms
  3 kobold brigands
  7 bullfrogs
  5 scorpions
  A gnoll sergeant (D:5)
  3 wights (D:8)
  Dowan (D:4)
  A vampire bat (D:4)
  A crimson imp (D:8)
  3 orc priests
  3 hounds
  An iron imp (D:9)
  6 jellies
  A gnoll bouda (D:7)
  2 sleepcaps
  Jessica (D:2)
  Natasha (thrice) (D:2)
  11 orc wizards
  5 iguanas (D:6)
  10 adders
  8 gnolls
  A shadow imp (D:5)
  2 white imps
  4 ufetubi
  3 dart slugs
  3 fire bats (D:4)
  33 orcs
  2 spectral bats (D:4)
  12 bats
  3 bat skeletons (D:4)
  A bat zombie (D:4)
  5 endoplasms
  5 giant cockroaches
  9 hobgoblins
  4 quokkas
  3 ball pythons
  A bat simulacrum (D:4)
  4 frilled lizards
  5 goblins
  16 kobolds
  7 rats
291 creatures vanquished.

Vanquished Creatures (collateral kills)
  A yak (D:9)
  2 wights (D:8)
  2 gnolls (D:5)
  An adder (D:3)
  A shadow imp (D:5)
7 creatures vanquished.

Vanquished Creatures (others)
  3 orc wizards
  A shadow imp (D:9)
  A white imp (D:9)
  11 fungi
  24 plants
40 creatures vanquished.

Grand Total: 338 creatures vanquished

Notes
Turn   | Place    | Note
-------+----------+-------------------------------------------
     0 | D:1      | Dirtsage the Demonspawn Fighter began the quest for the
                  | Orb.
     0 | D:1      | Reached XP level 1. HP: 18/18 MP: 1/1
    79 | D:1      | Reached skill level 2 in Axes
   126 | D:1      | Gained mutation: A weak demonic guardian rushes to your
                  | aid. [demonic ancestry]
   126 | D:1      | Reached XP level 2. HP: 24/24 MP: 2/2
   611 | D:1      | Reached skill level 3 in Axes
   794 | D:2      | Gained mutation: You sometimes gain a little power by
                  | taking damage. [demonic ancestry]
   794 | D:2      | Reached XP level 3. HP: 29/29 MP: 3/3
   901 | D:2      | Noticed Jessica
   904 | D:2      | Killed Jessica
   905 | D:2      | Reached skill level 4 in Axes
   905 | D:2      | Gained mutation: You are partially covered in molten
                  | scales. (AC +2) [demonic ancestry]
   905 | D:2      | Reached XP level 4. HP: 35/35 MP: 4/4
  1048 | D:2      | Noticed Natasha
  1056 | D:2      | Killed Natasha
  1139 | D:2      | Noticed Natasha
  1145 | D:2      | Killed Natasha
  1180 | D:2      | Noticed Natasha
  1183 | D:2      | Killed Natasha
  1184 | D:2      | Reached XP level 5. HP: 41/41 MP: 5/5
  1245 | D:3      | Reached skill level 5 in Axes
  1438 | D:3      | Upgraded the game from 0.30-a0-964-gd452b5e7fa to
                  | 0.30-a0-972-gf3ab3527aa
  1907 | D:3      | Found Nan Jare's Jewellery Shop.
  2527 | D:4      | Gained mutation: You are mostly covered in molten scales.
                  | (AC +3) [demonic ancestry]
  2527 | D:4      | Reached XP level 6. HP: 44/47 MP: 6/6
  2541 | D:4      | Noticed Edmund
  2559 | D:4      | Killed Edmund
  2560 | D:4      | Reached skill level 6 in Axes
  2751 | D:4      | Reached skill level 7 in Axes
  2751 | D:4      | Reached XP level 7. HP: 52/52 MP: 7/7
  2882 | D:4      | Noticed Dowan
  2883 | D:4      | Noticed Duvessa
  2943 | D:4      | Killed Duvessa
  2956 | D:4      | Killed Dowan
  3171 | D:4      | Reached skill level 8 in Axes
  3486 | D:4      | Noticed Grinder
  3500 | D:4      | Paralysed by Grinder for 5 turns
  3508 | D:4      | Killed Grinder
  3509 | D:4      | Reached XP level 8. HP: 56/58 MP: 8/8
  3636 | D:5      | Entered Level 5 of the Dungeon
  3651 | D:5      | Reached skill level 9 in Axes
  4215 | D:5      | Reached skill level 10 in Axes
  4490 | D:5      | Found an opulent altar of Gozag.
  4490 | D:5      | Found a bloodstained altar of Trog.
  4505 | D:5      | Noticed a two-headed ogre
  4513 | D:5      | Killed a two-headed ogre
  4514 | D:5      | Reached skill level 11 in Axes
  4514 | D:5      | Gained mutation: A demonic guardian rushes to your aid.
                  | [demonic ancestry]
  4514 | D:5      | Reached XP level 9. HP: 15/63 MP: 9/9
  4910 | D:6      | Noticed Eustachio
  4968 | D:6      | Killed Eustachio
  5084 | D:6      | Reached skill level 12 in Axes
  5729 | D:7      | Found a staircase to the Ecumenical Temple.
  5749 | Temple   | Entered the Ecumenical Temple
  5803 | Temple   | Became a worshipper of Makhleb the Destroyer
  5906 | D:7      | Noticed Menkaure
  5914 | D:7      | Killed Menkaure
  6140 | D:7      | Noticed Prince Ribbit
  6161 | D:7      | Reached skill level 13 in Axes
  6369 | D:7      | Killed Prince Ribbit
  6370 | D:7      | Reached skill level 1 in Invocations
  6454 | D:7      | Reached XP level 10. HP: 70/70 MP: 10/10
  7048 | D:8      | Reached * piety under Makhleb
  7068 | D:8      | Found a blossoming altar of Fedhas.
  7395 | D:8      | Found an ornate altar of the Wu Jian Council.
  7399 | D:8      | Found a shadowy altar of Dithmenos.
  7400 | D:8      | Found a sacrificial altar of Ru.
  7401 | D:8      | Found a basalt altar of Yredelemnul.
  7402 | D:8      | Found an ancient bone altar of Kikubaaqudgha.
  7484 | D:8      | Found a staircase to the Lair.
  8475 | D:8      | Reached ** piety under Makhleb
  9138 | D:8      | Gained mutation: You have sharp fingernails. [demonic
                  | ancestry]
  9138 | D:8      | Reached XP level 11. HP: 55/78 MP: 14/14
  9467 | D:9      | Reached skill level 5 in Invocations
  9482 | D:9      | Reached skill level 5 in Fighting
  9508 | D:9      | Reached skill level 14 in Axes
  9670 | D:9      | Noticed a deep elf pyromancer
  9690 | D:9      | Killed a deep elf pyromancer
  9916 | D:9      | Noticed a deep elf pyromancer
  9923 | D:9      | Killed a deep elf pyromancer
 10180 | D:9      | Found a hazy altar of Hepliaklqana.
 10281 | Lair:1   | Entered Level 1 of the Lair of Beasts
 10316 | Lair:1   | Reached skill level 5 in Shields
 10401 | Lair:1   | Reached skill level 5 in Armour
 10656 | Lair:1   | Reached *** piety under Makhleb
 11030 | Lair:1   | Reached skill level 1 in Unarmed Combat
 11586 | Lair:2   | Gained mutation: You have very sharp fingernails. [demonic
                  | ancestry]
 11586 | Lair:2   | Reached XP level 12. HP: 89/89 MP: 17/17
 11616 | Lair:2   | Noticed a death yak
 11627 | Lair:2   | Killed a death yak
 11631 | Lair:2   | Noticed a death yak
 11631 | Lair:2   | Noticed a death yak
 11632 | Lair:2   | Noticed a death yak
 11636 | Lair:2   | Noticed a death yak
 12092 | Lair:2   | Slain by a death yak

Illustrated notes

Levels and vault maps discovered:
D:1:      psy_arrival_radial01, layout_basic
D:2:      layout_rooms, uniq_natasha, uniq_jessica
D:3:      layout_basic, serial_shops, nicolae_shop_hallway_plus,
          chequers_hall_statues_wall_a, grunt_ministairs_7, minivault_5,
          chequers_serial_rivers_micro_d, chequers_big_river, st_stairs_12,
          hex_medium
D:4:      layout_gridville, goddamned_bats, uniq_edmund, uniq_grinder,
          uniq_duvessa
D:5:      layout_cave_pools, nicolae_overflow_two_pavilions
D:6:      kennysheep_spiral_hall, layout_rooms, skrybe_limestone_x,
          uniq_eustachio
D:7:      layout_loops_ring, minmay_temple_entry_gardened_gates,
          uniq_prince_ribbit1, uniq_menkaure
D:8:      layout_basic, minitemple, mainiacjoe_overflow_tiny_flanked,
          lair_entry_dummy
D:9:      layout_big_octagon, mainiacjoe_overflow_alcove_2,
          minmay_misc_feat_rugged, hangedman_minor_magic
Temple:   hellmonk_temple_forest_ring
Lair:1:   layout_cellular_growth, grunt_megastairs_1
Lair:2:   beast_lair_carwin_large_2, layout_long_grid

Skill      XL: |  1  2  3  4  5  6  7  8  9 10 11 12 |
---------------+-------------------------------------+-----
Axes           | 2 3 4 5 7 8 11 13 14 | 14.5
Invocations    | 1 4 7 |  7.6
Shields        | 4 5 6 |  6.1
Armour         | 4 5 6 |  6.0
Fighting       | 4 6 |  6.5
Unarmed Combat | 2 3 |  3.1

Action                     |  1- 3 |  4- 6 |  7- 9 | 10-12 || total
---------------------------+-------+-------+-------+-------++-------
  Melee: War axe           |    52 |   147 |   372 |   381 ||   952
         Battleaxe         |       |       |       |   151 ||   151
  Evoke: Wand              |       |     1 |     3 |     2 ||     6
         Condenser vane    |       |       |       |     1 ||     1
    Use: Potion            |       |     1 |       |     5 ||     6
         Scroll            |       |       |       |     1 ||     1
   Stab: Invisible         |       |     1 |     2 |     1 ||     4
         Distracted        |       |       |     2 |       ||     2
 Armour: Scale mail        |    26 |    80 |   204 |   261 ||   571
  Dodge: Dodged            |    17 |    89 |   165 |   257 ||   528
  Block: Buckler           |     8 |    42 |    73 |    70 ||   193

Table legend: (Time is in decaauts)
 A = Elapsed time spent in this place.
 B = Non-inter-level travel time spent in this place.
 C = Inter-level travel time spent in this place.
 D = Time resting spent in this place.
 E = Time spent auto-exploring this place.
 F = Levels seen in this place.
 G = Mean time per level.
                   A        B        C        D        E       F      G
               +--------+--------+--------+--------+--------+-----+--------+
         Total |  12133 |  11621 |    512 |   1495 |   7918 |  12 | 1011.1 |
       Dungeon |  10079 |   9635 |    444 |   1127 |   6615 |   9 | 1119.9 |
        Temple |    247 |    233 |     14 |    175 |     42 |   1 |  247.0 |
          Lair |   1807 |   1754 |     53 |    193 |   1261 |   2 |  903.5 |
               +--------+--------+--------+--------+--------+-----+--------+

Top non-repeatable levels by time:
     D:8: 2000 daAuts
  Lair:1: 1442 daAuts
     D:4: 1272 daAuts
     D:3: 1269 daAuts
     D:9: 1196 daAuts
     D:5: 1107 daAuts
     D:7: 1057 daAuts
     D:6: 886 daAuts
     D:1: 801 daAuts
     D:2: 487 daAuts
  Lair:2: 364 daAuts
  Temple: 247 daAuts
